[Event "*** Titled Tuesday Blitz"]
[Site "Chess.com"]
[Date "2020.11.10"]
[Round "2"]
[White "nitpicker"]
[Black "anpospan"]
[Result "0-1"]
[WhiteElo "2195"]
[BlackElo "2411"]
[TimeControl "180+1"]
[EndTime "10:20:24 PST"]
[Termination "anpospan won on time"]

1. d4 Nf6 2. c4 c5 3. d5 e6 4.
Nc3 exd5 5. cxd5 d6 6. e4 g6 7. h3 Bg7 8. Nf3 O-O 9. Bd3 a6 10. a4 Nbd7 11. O-O h6 12. Bf4 Qe7 13. Re1 g5 14.
Bh2 g4 15. Nh4 Ne5 16. Nf5 Bxf5 17. exf5 h5 18. hxg4 hxg4 19. Be2 Rfe8 20. a5 Qd7 21. Qc2 Re7 22. Kf1 Rae8 23. Red1 Bh6 24. Kg1 Kg7 25. Ra4 Bg5 26. Bxe5 Rxe5 27. Bxg4 Re1+ 28. Rxe1 Rxe1+ 29. Kh2 Qe8 30. Bh3 Qe5+ 31. g3 Rc1 32. Qd3 Qe1 33. Bg2 Qxf2 34. Qf3 Qg1+ 35. Kh3 Rc2 36. Rg4 Kh6 37. Rxg5 Qxg2+ 38. Qxg2 Rxg2 39. Rg6+ fxg6 40. Kxg2 gxf5 41. Kf3 Kg5 0-1

[Event "*** Titled Tuesday Blitz"]
[Site "Chess.com"]
[Date "2020.11.10"]
[Round "2"]
[White "mikheeva86"]
[Black "saraswathii"]
[Result "0-1"]
[WhiteElo "2001"]
[BlackElo "2365"]
[TimeControl "180+1"]
[EndTime "10:20:24 PST"]
[Termination "saraswathii won on time"]

1. e4 c5 2. Nc3 e6 3. g3 d5 4.
exd5 exd5 5. Bg2 d4 6. Qe2+ Be7 7. Ne4 Qb6 8. d3 Be6 9. Nf3 Nc6 10. O-O Nf6 11. Neg5 Nd8 12. Ne5 O-O 13. Nxe6 Nxe6 14. f4 Rae8 15. f5 Nc7 16. Nc4 Qa6 17. Qf3 b5 18. Ne5 Bd6 19. Ng4 Ncd5 20. Nxf6+ Nxf6 21. Bg5 Be5 22. Rfe1 c4 23. dxc4 bxc4 24. Qc6 Qb6 25. Qxb6 axb6 26. a4 Ng4 27. Bc6 Rc8 28.
Bd7 Rc7 29. Bb5 f6 30. Bd2 Ne3 31. Bxe3 dxe3 32. c3 Rd8 33. Rxe3 Rd2 34. Ree1 Rxb2 35. Rac1 Rb3 36. Re4 Rxc3 0-1

[Event "*** Titled Tuesday Blitz"]
[Site "Chess.com"]
[Date "2020.11.10"]
[Round "2"]
[White "JozefKneht"]
[Black "bascheyaro"]
[Result "1/2-1/2"]
[WhiteElo "2518"]
[BlackElo "2732"]
[TimeControl "180+1"]
[EndTime "10:20:26 PST"]
[Termination "Game drawn by agreement"]

1. Nf3 d5 2. c4 c6 3. b3 Nf6 4. g3 Bf5 5. Bg2 e6 6. Bb2 Bd6 7. O-O O-O 8. d3 Nbd7 9. Na3 Qe7 10. Nc2 Rad8 11. Re1 Rfe8 12. a3 a6 13. Qc1 Nc5 14.
Rb1 Nxb3 15. Bxf6 Nxc1 16. Bxe7 Nxe2+ 17. Rxe2 Rxe7 18. Nfe1 dxc4 19. dxc4 Bxa3 20. Nxa3 Bxb1 21. Nxb1 Red7 22. Nc3 Rd2 23. Kf1 a5 24. Na4 b5 25.
Nc5 bxc4 26. Bxc6 Rxe2 27. Kxe2 Rc8 28. Nxe6 Rxc6 29. Nd4 Rb6 30. Kd2 a4 31. Nec2 a3 32. Nxa3 Rf6 33. f3 Rh6 34. h4 Rg6 35. g4 Rh6 36. h5 Rd6 37. Kc3 g6 38. Nxc4 Ra6 39. h6 f6 40. f4 g5 41. Kd3 gxf4 42. Ke4 Kf7 43. Nd2 Ra4 44. Nf3 Kg6 45. Kxf4 Kxh6 46. Kf5 Kg7 47. Ke6 Ra6+ 48. Kf5 Ra5+ 49. Kf4 Kf7 50.
Nh4 Ra1 51. Nhf5 Rf1+ 52. Ke4 Kg6 53. Ne3 Ra1 54. Ne6 Ra6 55. Nf4+ Kg5 56. Kf3 Ra3 57. Ne6+ Kh4 58. Nd4 Rxe3+ 59. Kxe3 Kxg4 60. Kf2 Kf4 61. Ne6+ 1/2-1/2

[Event "*** Titled Tuesday Blitz"]
[Site "Chess.com"]
[Date "2020.11.10"]
[Round "2"]
[White "Hikaru"]
[Black "ShapkinAnatoliy"]
[Result "1-0"]
[WhiteElo "3212"]
[BlackElo "2613"]
[TimeControl "180+1"]
[EndTime "10:20:27 PST"]
[Termination "Hikaru won by resignation"]

1. Nf3 Nf6 2. b3 g6 3. Bb2 Bg7 4. d4 O-O 5. e3 c5 6. dxc5 Qa5+ 7.
c3 Qxc5 8. Ba3 Qa5 9. Bxe7 Re8 10. Bxf6 Bxf6 11. Qd2 d5 12. Be2 Nc6 13. O-O Bg4 14. Rc1 Rad8 15. Qb2 Rc8 16. Na3 a6 17. b4 Nxb4 18.
Qxb4 Qxb4 19. cxb4 Bxa1 20. Rxa1 Rc3 21. h3 Bxf3 22. Bxf3 Rxa3 23. Bxd5 b5 24. Bb3 Rd8 25. Rc1 Rd7 26. Rc5 Kg7 27. g4 Rd3 28. Rc6 Rdxb3 29.
axb3 Rxb3 30. Rxa6 Rxb4 31. Rb6 Rb2 32. Kg2 g5 33. Kg3 h6 34. Rb7 b4 35. e4 Rb3+ 36.
f3 Kg6 37. Rb6+ Kg7 38. Kf2 Rb2+ 39. Ke3 Rb3+ 40. Kf2 Rb2+ 41. Kg3 Rb3 42. e5 Rb2 43. h4 gxh4+ 44. Kxh4 b3 45. Kg3 Rb1 46. Kf4 b2 47. Rb3 Kg6 48. Rb7 Kg7 49. e6 Kf8 50. Rxf7+ Kg8 51.
Rb7 Re1 52. Rxb2 Rxe6 53. Kf5 Ra6 54. Rb7 Rc6 55. Re7 Rc5+ 56. Kg6 Rc6+ 57. Kf5 Rc5+ 58. Kf6 Rc4 59. Re4 Rc6+ 60. Re6 Rc4 61. Kg6 Kf8 62.
Rf6+ Ke7 63. Rf7+ Ke6 64. Rf5 h5 65. Kxh5 Rc8 66. Kg5 Rg8+ 67. Kf4 Ra8 68. Kg3 Ra4 69. Rf4 Ra8 70. g5 Ke5 71. Kg4 Ra1 72. Re4+ Kd5 73. Kf5 Rf1 74. f4 Kd6 75. g6 Rg1 76. Kf6 1-0

[Event "*** Titled Tuesday Blitz"]
[Site "Chess.com"]
[Date "2020.11.10"]
[Round "2"]
[White "Kaua18"]
[Black "enriquetejedor"]
[Result "0-1"]
[WhiteElo "2292"]
[BlackElo "2500"]
[TimeControl "180+1"]
[EndTime "10:20:27 PST"]
[Termination "enriquetejedor won on time"]

1. e4 c5 2. Nf3 Nc6 3. d4 cxd4 4.
Nxd4 Nf6 5. Nc3 e6 6. Ndb5 d6 7. Bf4 e5 8. Bg5 a6 9. Na3 Be6 10. Nc4 b5 11. Ne3 Be7 12. Bxf6 Bxf6 13. Be2 O-O 14. O-O Bg5 15. Bg4 Ra7 16. a4 b4 17.
Ncd5 g6 18. c3 f5 19. Bh3 bxc3 20. bxc3 Qe8 21. Rb1 fxe4 22. Bxe6+ Qxe6 23. Rb6 Rc8 24. Qb1 Bd8 25. Rb7 Rxb7 26. Qxb7 a5 27. g3 Ne7 28.
Nxe7+ Bxe7 29. Nd5 Bd8 30. Rd1 Rc5 31. Qa8 Qc8 32. Qa7 Qe6 33. Qa8 Qc8 34. Qa7 Rc6 0-1

[Event "*** Titled Tuesday Blitz"]
[Site "Chess.com"]
[Date "2020.11.10"]
[Round "2"]
[White "annacramling"]
[Black "Aleksandar-Topalov"]
[Result "0-1"]
[WhiteElo "2012"]
[BlackElo "2366"]
[TimeControl "180+1"]
[EndTime "10:20:27 PST"]
[Termination "Aleksandar-Topalov won by resignation"]

1. Nf3 Nf6 2. b3 g6 3. Bb2 Bg7 4. d3 O-O 5. Nbd2 d6 6. e4 c5 7. Be2 a5 8. O-O a4 9. Rb1 Nc6 10. Re1 Bd7 11. Bf1 Nb4 12. a3 Nc6 13. Nc4 b5 14.
Ne3 axb3 15. cxb3 Ne8 16. Qc2 Bxb2 17. Qxb2 Be6 18. Nd5 Nc7 19. Nf4 Bd7 20. d4 cxd4 21.
Nxd4 Nxd4 22. Qxd4 Rxa3 23. Nd5 Ne6 24. Qb4 Ra2 25.
Bxb5 Bxb5 26. Qxb5 Nd4 27. Qb7 e6 28. Ne7+ Kg7 29.
Red1 Ne2+ 30. Kh1 Nc3 31. Ra1 Rxf2 32. Rdc1 Nxe4 33. Rc8 Qa5 34. Rac1 Rxc8 35. Qxc8 Qg5 36. Qg8+ Kf6 37. Rg1 Kxe7 38. Qxh7 Rb2 39. h3 Nf2+ 40. Kh2 Qf4+ 41. g3 Ng4+ 42. Kh1 Qf3+ 0-1

[Event "*** Titled Tuesday Blitz"]
[Site "Chess.com"]
[Date "2020.11.10"]
[Round "2"]
[White "smartinusa"]
[Black "Marianov_Podstavnikov"]
[Result "1-0"]
[WhiteElo "2624"]
[BlackElo "2232"]
[TimeControl "180+1"]
[EndTime "10:20:28 PST"]
[Termination "smartinusa won by resignation"]

1. d4 Nf6 2. Nf3 e6 3. c4 d5 4.
Nc3 dxc4 5. e4 Bb4 6. Bxc4 Nxe4 7. O-O Nf6 8. Bg5 O-O 9. Qe2 h6 10. Bh4 Nc6 11. Rad1 Be7 12. d5 exd5 13. Nxd5 Nxd5 14. Rxd5 Qe8 15. Bxe7 Qxe7 16. Ne5 Re8 17. Nxc6 Qxe2 18. Bxe2 bxc6 19. Rd2 Rxe2 20. Rxe2 Ba6 21. Rc2 Bxf1 22.
Kxf1 Rb8 23. b3 Rb6 24. g4 Kf8 25. Re2 Rb4 26. h3 c5 27. Kg2 a5 28. Re5 Rb5 29. a4 Rxb3 30. Rxc5 Ra3 31. Rxa5 c5 32. h4 c4 33. Kf1 c3 34. Ke2 Ke7 35. Kd3 Ra2 36. f4 Ra3 37. g5 hxg5 38. hxg5 g6 39. Ra7+ Ke6 40. a5 Ra4 41. Kxc3 Rxf4 42. a6 Ra4 43. Kb3 Ra1 44. Kb4 Rb1+ 45. Kc5 Rc1+ 46. Kb6 Rb1+ 47.
Kc7 Kf5 48. Rb7 Ra1 49. Rb5+ Kg4 50. Kb7 Re1 51. a7 Re7+ 52. Ka6 Re6+ 53. Rb6 Re8 54.
Rb8 Re1 55. Rb4+ Kxg5 56. Rb5+ f5 57. a8=Q Ra1+ 1-0

[Event "*** Titled Tuesday Blitz"]
[Site "Chess.com"]
[Date "2020.11.10"]
[Round "2"]
[White "Basyak97"]
[Black "Quiet_Desperation"]
[Result "0-1"]
[WhiteElo "2333"]
[BlackElo "1731"]
[TimeControl "180+1"]
[EndTime "10:20:28 PST"]
[Termination "Quiet_Desperation won on time"]

1. d4 d5 2. c4 c6 3. Nc3 e5 4. cxd5 cxd5 5. e4 dxe4 6. d5 Nf6 7. Bb5+ Nbd7 8. Nge2 a6 9. Ba4 b5 10. Bc2 Nc5 11. Ng3 Nd3+ 12. Bxd3 exd3 13. Qxd3 b4 14. Nce4 Nxe4 15. Nxe4 f5 16. Ng5 Be7 17. f4 exf4 18.
Nf3 O-O 19. Bxf4 Bd7 20. Nd4 Bc5 21. O-O-O Bxd4 22. Qxd4 b3 23. a3 Rc8+ 24. Kb1 Rc2 25. Rhe1 Rxg2 26. Rg1 Rxg1 27. Rxg1 Qe7 28. Be5 Re8 29. Bg3 Qe4+ 30. Qxe4 Rxe4 31. d6 f4 32. Be1 Rd4 33. Rxg7+ Kf8 34. Kc1 Rc4+ 35. Bc3 Rxc3+ 36. bxc3 Kxg7 37. Kb2 Kf6 38. c4 Ke6 39. c5 Kd5 40. Kxb3 Kxc5 0-1

[Event "*** Titled Tuesday Blitz"]
[Site "Chess.com"]
[Date "2020.11.10"]
[Round "2"]
[White "VladaSviridova"]
[Black "Rital44"]
[Result "0-1"]
[WhiteElo "2264"]
[BlackElo "2462"]
[TimeControl "180+1"]
[EndTime "10:20:29 PST"]
[Termination "Rital44 won by resignation"]

1. d4 Nf6 2. c4 g6 3. Nc3 Bg7 4. e4 d6 5. Nf3 O-O 6. Be2 Na6 7. O-O e5 8. Be3 c6 9. d5 Ng4 10. Bg5 f6 11. Bh4 c5 12. h3 Nh6 13. Qd2 Nf7 14.
a3 h5 15. Rab1 Bh6 16. Qc2 Bd7 17. Nd2 Bg5 18. Bxg5 fxg5 19. g4 Nh6 20. f3 Qf6 21.
Kg2 Qf4 22. Qd3 h4 23. Rh1 Bxg4 24. hxg4 Nxg4 25. Nf1 Nh6 26. Qe3 Qf6 27. Nh2 Nc7 28. Ng4 Nxg4 29. fxg4 Qe7 30. Rbf1 Rf4 31. Rf3 Ne8 32. Rf2 Nf6 33. Rhf1 Nxg4 34. Bxg4 Rxg4+ 35. Kh2 Rf4 36. Rg1 Kh7 37. Rfg2 Raf8 38. Rxg5 Rf3 39.
Qc1 Rf2+ 40. R5g2 h3 41. Rxf2 Rxf2+ 42. Kxh3 Kg8 43. Rxg6+ Kf7 44. Rg4 Ke8 45. Qh6 Rf1 46.
Ne2 Rh1+ 47. Kg2 Rxh6 48. Ng3 Rh7 49. Nf5 Qf6 50. Rg8+ Kd7 51. Rb8 Kc7 52. Re8 Qg6+ 0-1

[Event "*** Titled Tuesday Blitz"]
[Site "Chess.com"]
[Date "2020.11.10"]
[Round "2"]
[White "paulrusan"]
[Black "mc4chess"]
[Result "1-0"]
[WhiteElo "2219"]
[BlackElo "2392"]
[TimeControl "180+1"]
[EndTime "10:20:29 PST"]
[Termination "paulrusan won on time"]

1. e4 e5 2. Nf3 Nc6 3. Bc4 Bc5 4. b4 Bxb4 5. c3 Bc5 6. d4 exd4 7. O-O Nge7 8. Ng5 d5 9. exd5 Nxd5 10. Re1+ Be7 11. Nxf7 Kxf7 12. Qh5+ g6 13. Bxd5+ Ke8 14. Bxc6+ bxc6 15. Qh4 Kf7 16. Qe4 Bf5 17. Qxc6 Rb8 18. Bf4 Bd6 19. Qd5+ Kg7 20. Qxd4+ Kf7 21. Nd2 Qf6 22.
Qxf6+ Kxf6 23. Bxd6 cxd6 24. Nc4 Rhc8 25. Nxd6 Rxc3 26.
g4 Bd3 27. Rad1 Rb6 28. Ne4+ Bxe4 29. Rxe4 Rc2 30. Rd7 Rxa2 31. Rxh7 Rb1+ 32. Kg2 Rbb2 33. Rf4+ Kg5 34. Kg3 Ra3+ 35. f3 Rg2+ 36. Kxg2 Kxf4 37.
Rf7+ Kg5 38. Kg3 Kh6 39. h4 g5 40. Rf6+ Kg7 41. hxg5 Ra1 42. Kf4 a5 43. Ra6 a4 44.
Kf5 a3 45. Ra7+ Kf8 46. f4 a2 47. g6 1-0

[Event "*** Titled Tuesday Blitz"]
[Site "Chess.com"]
[Date "2020.11.10"]
[Round "2"]
[White "sokidze"]
[Black "PSvidler"]
[Result "1/2-1/2"]
[WhiteElo "2574"]
[BlackElo "2875"]
[TimeControl "180+1"]
[EndTime "10:20:30 PST"]
[Termination "Game drawn by repetition"]

1. e4 c5 2. Nf3 d6 3. d4 cxd4 4.
Nxd4 Nf6 5. Nc3 a6 6. h3 e5 7.
Nde2 h5 8. g3 Be6 9. Bg2 Nbd7 10. a4 Be7 11. O-O Rc8 12. Bg5 Nh7 13. Bxe7 Qxe7 14.
Qd2 h4 15. g4 g5 16. Rad1 Rc6 17. Nd5 Bxd5 18. exd5 Rc8 19. Nc3 Ndf6 20. Rfe1 Kf8 21. Be4 Kg7 22. Bf5 Rc5 23. Bxh7 Nxh7 24. Ne4 Rc7 25.
c3 f6 26. f3 Nf8 27. Kh2 Ng6 28. Qe3 Nf4 29. Nf2 Rc4 30. b3 Rc5 31. c4 b5 32. Ne4 Rcc8 33. c5 dxc5 34. d6 Qd7 35. Nxc5 Rxc5 36. Qxc5 Rc8 37. Qe3 bxa4 38. bxa4 Rc6 39.
Rd2 Rxd6 40. Red1 Rxd2+ 41. Rxd2 Qxa4 42. Qe4 Qxe4 43. fxe4 Ne6 44. Rd5 Kf7 45. Ra5 Nf4 46. Rxa6 Kg6 47. Rb6 Kg7 48. Ra6 Kg6 49. Rb6 Kg7 50.
Ra6 Kg6 1/2-1/2

[Event "*** Titled Tuesday Blitz"]
[Site "Chess.com"]
[Date "2020.11.10"]
[Round "2"]
[White "Gerodot71"]
[Black "1977Ivan"]
[Result "0-1"]
[WhiteElo "2490"]
[BlackElo "2710"]
[TimeControl "180+1"]
[EndTime "10:20:30 PST"]
[Termination "1977Ivan won by resignation"]

1. d4 Nf6 2. c4 g6 3. Nc3 Bg7 4. e4 d6 5. Be2 O-O 6. Be3 c5 7.
dxc5 Qa5 8. Bd2 dxc5 9. e5 Nfd7 10. f4 Nc6 11. Nf3 f6 12. exf6 Nxf6 13. O-O Bf5 14. Qb3 Qb6 15. Rad1 Ne4 16. Be1 Qxb3 17. axb3 Rfd8 18. Nxe4 Bxe4 19. Bc3 Bc2 20. Rd5 b6 21. Bd1 Bxd1 22. Rfxd1 Rxd5 23. Rxd5 Bxc3 24. bxc3 Na5 25. Nd2 Kf7 26. b4 cxb4 27. cxb4 Nc6 28. b5 Nb4 29. Rd7 Ke8 30. Rc7 Nd3 31. g3 Nc5 32. Nf3 Rd8 33. Ne5 Rd1+ 34. Kg2 Rd2+ 35. Kh3 Ne6 36. Kg4 Nxc7 37.
c5 Ne6 38. cxb6 axb6 39. Nc4 Rc2 40. Nxb6 Rc5 41. f5 Rxb5 42. Nd5 gxf5+ 43. Kxf5 Rxd5+ 44. Kxe6 0-1

[Event "*** Titled Tuesday Blitz"]
[Site "Chess.com"]
[Date "2020.11.10"]
[Round "2"]
[White "kamilianin235"]
[Black "Korchmar_Vasiliy"]
[Result "0-1"]
[WhiteElo "2159"]
[BlackElo "2619"]
[TimeControl "180+1"]
[EndTime "10:20:30 PST"]
[Termination "Korchmar_Vasiliy won by resignation"]

1. e4 c5 2. Nf3 d6 3. d4 cxd4 4.
Nxd4 Nf6 5. Nc3 Nc6 6. Bc4 e6 7.
O-O Be7 8. Be3 O-O 9. Qe2 a6 10. Rad1 Qc7 11. Bb3 b5 12. a3 Na5 13. Ba2 Nc4 14. Bxc4 bxc4 15. f3 Rb8 16. Bc1 Bb7 17. Rfe1 Rfd8 18. Qf2 Nd7 19. f4 Bf6 20. g4 Be7 21. f5 e5 22. Nf3 Nc5 23. Nd5 Bxd5 24. Rxd5 Qc6 25. Qe2 Na4 26. c3 Nxb2 27. Bxb2 Qb6+ 28.
Qf2 Qxb2 29. Re2 Qxc3 30. Red2 Qxa3 31. g5 Bf8 32. Nxe5 c3 33. Rd1 Rb2 34. Qa7 dxe5 35. Rxd8 c2 36. Rxf8+ Qxf8 37. Rc1 Rb1 38. Qe3 Qd8 39. Kg2 Rxc1 40. Qxc1 Qd1 41. Qb2 Qg4+ 42. Kf2 Qf4+ 43. Kg2 Qxe4+ 44. Kf2 Qd4+ 45. Qxd4 exd4 46. Ke2 c1=Q 47. Kd3 Qe3+ 48. Kc4 d3 0-1

[Event "*** Titled Tuesday Blitz"]
[Site "Chess.com"]
[Date "2020.11.10"]
[Round "2"]
[White "Funo09"]
[Black "szachuspl"]
[Result "1-0"]
[WhiteElo "2818"]
[BlackElo "2538"]
[TimeControl "180+1"]
[EndTime "10:20:32 PST"]
[Termination "Funo09 won on time"]

1. e4 c5 2. Nc3 Nc6 3. Bb5 e6 4. Bxc6 bxc6 5. f4 d5 6. d3 Ba6 7.
Nf3 c4 8. d4 Bb4 9. O-O Ne7 10.
e5 c5 11. Be3 cxd4 12. Nxd4 Rc8 13. f5 Bc5 14. fxe6 fxe6 15. Qg4 Bxd4 16. Bxd4 Nf5 17. Rxf5 exf5 18. Qxg7 Rf8 19. Qxa7 Rc6 20. Qxh7 Qd7 21. Qxd7+ Kxd7 22. Nxd5 Rg6 23. Rd1 Bb7 24. Nf4 Rg4 25. h3 Rxf4 26. Be3+ Ke6 27. Bxf4 Bd5 28. h4 Ra8 29. Ra1 Rb8 30. b3 c3 31. a3 Rg8 32. g3 Rd8 33. Kf2 Be4 34. Rc1 Ra8 35.
a4 Ra7 36. h5 Rh7 37. h6 Rd7 38. Ke2 Kf7 39. a5 Kg6 40. Be3 Rd5 41. a6 Rxe5 42. Ra1 1-0

[Event "*** Titled Tuesday Blitz"]
[Site "Chess.com"]
[Date "2020.11.10"]
[Round "2"]
[White "KarstenHansch"]
[Black "124chess"]
[Result "1-0"]
[WhiteElo "2531"]
[BlackElo "2730"]
[TimeControl "180+1"]
[EndTime "10:20:34 PST"]
[Termination "KarstenHansch won by resignation"]

1. e4 c6 2. d4 d5 3. e5 Bf5 4. h4 h5 5. Bd3 Bxd3 6. Qxd3 e6 7. Bg5 Be7 8. Nf3 Qb6 9. Nbd2 Qa6 10. c4 Nd7 11. O-O Bb4 12. b3 Nh6 13. Bxh6 Rxh6 14. a3 Bxd2 15. Nxd2 Rd8 16. Qg3 Rg6 17. Qe3 Rg4 18.
c5 Kf8 19. g3 Kg8 20. Nf3 Re4 21. Qg5 Re8 22. Qxh5 g6 23. Qh6 Nf8 24. Rad1 Qxa3 25. Ng5 Rg4 26. Kg2 Qxb3 27. Rb1 Qd3 28. Rxb7 Rxg5 29.
Qxg5 Qxd4 30. Rxa7 Qxc5 31. Rc7 Nh7 32. Qf4 Re7 33. Rc8+ Kg7 34. Rb1 Qc2 35. Rbb8 Qe4+ 36. Qxe4 dxe4 37. Rxc6 g5 38. Rb4 gxh4 39. gxh4 Nf8 40.
Rxe4 Ra7 41. Rg4+ Kh6 42. Rc8 Ng6 43. Kg3 Ra3+ 44. f3 Kh7 45. Rg5 Ne7 46. Rf8 Nf5+ 47. Rxf5 exf5 48. Rxf7+ Kg6 49. Rf6+ Kg7 50. Rxf5 1-0

[Event "*** Titled Tuesday Blitz"]
[Site "Chess.com"]
[Date "2020.11.10"]
[Round "2"]
[White "BigAl"]
[Black "wnstop"]
[Result "0-1"]
[WhiteElo "2484"]
[BlackElo "2708"]
[TimeControl "180+1"]
[EndTime "10:20:35 PST"]
[Termination "wnstop won on time"]

1. Nf3 Nf6 2. g3 g6 3. Bg2 Bg7 4. O-O O-O 5. d3 d6 6. e4 c5 7.
e5 Nd5 8. exd6 Qxd6 9. Na3 Rd8 10. Re1 Nc6 11. Nc4 Qc7 12. a4 b6 13. c3 Ba6 14.
Qe2 h6 15. h4 e6 16. h5 g5 17.
Bxg5 hxg5 18. Nxg5 Nf6 19. Qf3 Bb7 20. Qe2 Qe7 21.
Rad1 Bh6 22. Ne4 Nxe4 23. Bxe4 Qg5 24. Qf3 Rac8 25. a5 f5 26. axb6 axb6 27. Nxb6 Rc7 28.
Bd5 exd5 29. Re6 Rg7 30. Rde1 Kh7 31. Nxd5 Nd4 32. cxd4 Bxd5 33. Qf4 Qxf4 34. Rg6 Qf3 35. Kf1 Qxd3+ 36. Kg1 Qf3 37. Kf1 Rxg6 38. hxg6+ Kxg6 39. Re7 Bc4+ 40. Kg1 Rxd4 0-1

[Event "*** Titled Tuesday Blitz"]
[Site "Chess.com"]
[Date "2020.11.10"]
[Round "2"]
[White "Vuk2000"]
[Black "dosto07"]
[Result "1-0"]
[WhiteElo "2657"]
[BlackElo "2321"]
[TimeControl "180+1"]
[EndTime "10:20:35 PST"]
[Termination "Vuk2000 won by resignation"]

1. d4 d5 2. Bf4 Nf6 3. e3 c5 4. c3 Nc6 5. Nd2 Qb6 6. Qb3 c4 7. Qc2 Qa5 8. e4 e6 9. Ngf3 Be7 10. e5 Nd7 11. h4 b5 12. h5 h6 13. b4 Qa3 14. Nb1 Qa6 15. a4 Nb6 16. Na3 Nxa4 17. Be2 Bd7 18. O-O Nxc3 19. Qxc3 Bxb4 20. Nxc4 Bxc3 21.
Nd6+ Ke7 22. Rxa6 Nxd4 23. Nxd4 Bxd4 24. Bxb5 Rhb8 25. Bxd7 Kxd7 26. Rd1 Rb4 27. Bd2 Rb2 28. Be3 Bxe5 29. Nxf7 Bf6 30. Nd6 Ke7 31. Rc1 e5 32.
Nc8+ Kf7 33. Rxa7+ Rxa7 34. Bxa7 d4 35. Nd6+ Ke6 36.
Ne4 Be7 37. Bc5 Bxc5 38. Nxc5+ Kd5 39. Nd3 e4 40. Nxb2 d3 41. Nxd3 exd3 42. Kf1 Kd4 43. Ke1 Ke4 44. Kd2 Kf4 45. Re1 Kg5 46. Rh1 Kg4 47. Kxd3 Kg5 48. f3 g6 49. hxg6 Kxg6 50. Ke4 1-0

[Event "*** Titled Tuesday Blitz"]
[Site "Chess.com"]
[Date "2020.11.10"]
[Round "2"]
[White "nicoderboss24"]
[Black "Kavyev_Ruslan"]
[Result "1-0"]
[WhiteElo "2221"]
[BlackElo "2404"]
[TimeControl "180+1"]
[EndTime "10:20:35 PST"]
[Termination "nicoderboss24 won by resignation"]

1. e4 c5 2. c3 d5 3. exd5 Qxd5 4.
d4 Nf6 5. Nf3 Bg4 6. Be2 e6 7.
O-O Nc6 8. c4 Qd6 9. dxc5 Qxd1 10. Rxd1 Bxc5 11. a3 a5 12. Nc3 h6 13. h3 Bh5 14.
Bf4 Ke7 15. Nb5 Rhd8 16. Rxd8 Rxd8 17. Rd1 Rxd1+ 18. Bxd1 Ne4 19. Be3 Bxe3 20. fxe3 Nd6 21. Nxd6 Kxd6 22. Kf2 Kc5 23. b3 a4 24. b4+ Kd6 25.
Bxa4 Bxf3 26. gxf3 Ne5 27. Bb3 Nd3+ 28. Kg3 b6 29. f4 g5 30. Kf3 f5 31. Ba2 e5 32.
fxe5+ Kxe5 33. Bb1 Nb2 34. c5 bxc5 35. bxc5 Nc4 36.
Bd3 Nxa3 37. c6 Kd6 38. Bxf5 Nc4 39. Bd7 h5 40. Ke4 g4 41. h4 g3 42. Kf3 g2 43.
Kxg2 Nxe3+ 44. Kg3 Nc4 45. Kf4 Ne5 46. Kg5 Nf3+ 47.
Kxh5 Ne5 48. Kh6 Ke7 49. Kg7 Nf7 50. h5 Nd6 51. h6 Ne4 52. h7 1-0

[Event "*** Titled Tuesday Blitz"]
[Site "Chess.com"]
[Date "2020.11.10"]
[Round "2"]
[White "RestartingChess"]
[Black "Zhigalko_Sergei"]
[Result "0-1"]
[WhiteElo "2581"]
[BlackElo "2929"]
[TimeControl "180+1"]
[EndTime "10:20:36 PST"]
[Termination "Zhigalko_Sergei won by resignation"]

1. e4 c5 2. Nf3 Nc6 3. b4 Nxb4 4. c3 Nc6 5. d4 d5 6. dxc5 dxe4 7. Qxd8+ Nxd8 8. Ne5 Nc6 9. Bb5 Bd7 10. Nxd7 Kxd7 11.
Bf4 Nf6 12. O-O e6 13. Rd1+ Kc8 14. Nd2 Bxc5 15. Nc4 Nd5 16. Bd2 Rd8 17. Bxc6 bxc6 18. Ne5 Kc7 19. Nxf7 Bxf2+ 20. Kh1 e3 21. Nxd8 Rxd8 22.
Be1 Rf8 23. c4 e2 24. Rdc1 Ne3 25. Bb4 Rf5 26. c5 Nd5 27. Ba5+ Kc8 28. g4 Re5 29. Kg2 Be3 30. Re1 Bxc5 31. Rxe2 Rxe2+ 32. Kg3 Rc2 33. Rf1 Rxa2 34. Be1 Ra3+ 35. Kh4 Be7+ 36. g5 h6 37. Rf7 hxg5+ 38. Kh5 Rh3+ 39. Kg6 Rxh2 40. Kxg7 Re2 41. Bg3 a5 42. Kg6 a4 43. Rf3 Kd7 44. Rf1 a3 45. Ra1 a2 46. Rd1 Bf6 47.
Rxd5+ cxd5 48. Be5 Bxe5 0-1

[Event "*** Titled Tuesday Blitz"]
[Site "Chess.com"]
[Date "2020.11.10"]
[Round "2"]
[White "Dr_Thomas_Quilter"]
[Black "kasparicy"]
[Result "0-1"]
[WhiteElo "2074"]
[BlackElo "2384"]
[TimeControl "180+1"]
[EndTime "10:20:36 PST"]
[Termination "kasparicy won on time"]

1. d4 Nf6 2. Bf4 g6 3. Nc3 d5 4. Qd2 Bg7 5. Nf3 O-O 6. Bh6 Ne4 7. Nxe4 dxe4 8. Bxg7 Kxg7 9. Ng5 c5 10. O-O-O cxd4 11. Qxd4+ Qxd4 12. Rxd4 f5 13. e3 Nc6 14. Rd2 h6 15.
Nh3 Be6 16. Nf4 Bf7 17. Bb5 Ne5 18. Ba4 Rac8 19. Bb3 Bxb3 20. axb3 Rc6 21. Rd5 Kf6 22. Rhd1 Rfc8 23. R1d2 e6 24. Rd6 g5 25. Nd5+ Kf7 26. Nc3 Ke7 27. R6d4 a6 28. Kb1 b5 29. h3 R8c7 30. g4 Nf3 31. gxf5 Nxd2+ 32. Rxd2 exf5 33.
Nd5+ Ke6 34. Nxc7+ Rxc7 35. Rd8 Rd7 36. Rh8 Rd1+ 37.
Ka2 Rd2 38. Rxh6+ Ke5 39. c4 Rxf2 40. Rxa6 bxc4 41. Ra5+ Kf6 42. bxc4 Rf3 43. b4 Rxe3 44. Ra6+ Ke5 45. Ra5+ Kf4 46. b5 Rc3 47. Ra4 e3 48. b6 e2 49. b7 e1=Q 50. b8=Q+ Kf3 51. Qb7+ Qe4 52. Qb2 Rc2 53. Ra3+ Kf4 0-1

[Event "*** Titled Tuesday Blitz"]
[Site "Chess.com"]
[Date "2020.11.10"]
[Round "2"]
[White "Flawless_Fighter"]
[Black "Happy1712Drummer"]
[Result "1-0"]
[WhiteElo "2621"]
[BlackElo "2175"]
[TimeControl "180+1"]
[EndTime "10:20:37 PST"]
[Termination "Flawless_Fighter won by resignation"]

1. e4 c6 2. d4 d5 3. e5 Bf5 4. Bd3 Bxd3 5. Qxd3 e6 6. f4 h5 7. Nf3 Qa5+ 8. c3 Qa6 9. Qc2 Nh6 10. Nbd2 c5 11. dxc5 Bxc5 12. Nb3 Bb6 13. Qe2 Qxe2+ 14. Kxe2 Nf5 15. a4 a6 16. a5 Ba7 17. Nfd4 Bxd4 18. cxd4 Nc6 19. Kd3 Rc8 20. Bd2 f6 21. Bc3 Kf7 22. Rhf1 Rc7 23. Rae1 Re8 24. g3 fxe5 25. fxe5 Kg6 26. Rf3 Nd8 27. Ref1 Rc6 28.
Nc5 Nh6 29. h3 Nhf7 30. b4 Ng5 31. Rf8 Rxf8 32. Rxf8 Ngf7 33. Re8 b6 34. Nxa6 bxa5 35. b5 Rb6 36. Bxa5 Rxb5 37. Bxd8 Rb3+ 38. Ke2 Rxg3 39. Nc5 Rxh3 40. Rxe6+ Kf5 41. Bc7 Ng5 42. Re8 Ne4 43.
Nxe4 Kxe4 44. e6 Re3+ 45. Kf2 Rf3+ 46. Kg2 Rf6 47. e7 Rg6+ 48. Kh3 Re6 49. Bd8 Kf5 50.
Rf8+ Kg6 51. e8=Q+ Rxe8 52. Rxe8 Kf5 53. Re5+ Kf4 54.
Rxd5 1-0

[Event "*** Titled Tuesday Blitz"]
[Site "Chess.com"]
[Date "2020.11.10"]
[Round "2"]
[White "BrandonJacobson"]
[Black "A-S-00"]
[Result "0-1"]
[WhiteElo "2812"]
[BlackElo "2358"]
[TimeControl "180+1"]
[EndTime "10:20:37 PST"]
[Termination "A-S-00 won by resignation"]

1. d4 Nf6 2. c4 g6 3. Nc3 Bg7 4. e4 d6 5. h3 O-O 6. Be3 Nbd7 7. g4 e5 8. d5 a5 9. Nge2 Ne8 10. Ng3 Qh4 11. Qd2 h6 12. Bd3 Nc5 13. Bc2 Kh7 14. O-O-O c6 15. Rdg1 Qe7 16. f3 Rb8 17. h4 b5 18.
dxc6 bxc4 19. Nd5 Qa7 20. h5 g5 21. Nf5 Bxf5 22. exf5 Nf6 23. Bxg5 Nxd5 24. f6+ Nd3+ 25.
Bxd3+ cxd3 26. Qxd3+ Kg8 27. fxg7 Qc5+ 28. Qc2 Qxc2+ 29.
Kxc2 Kxg7 30. Bd2 Rfc8 31. g5 Rxc6+ 32. Kb1 hxg5 33. Rxg5+ Kh7 34. h6 Rcb6 35. Bc1 Rg8 36. Rxg8 Kxg8 37. Rd1 Ne7 38. Be3 Rc6 39. Bd2 a4 40.
Bb4 Nf5 41. f4 exf4 42. Rd5 Nxh6 43. Bxd6 f3 44. Bg3 Kh7 45. Rd3 Rf6 46. Rd2 Ng4 47. Bf2 Nxf2 48. Rxf2 Kg6 49. Kc2 Kg5 50. Kd3 Kg4 51. Ke3 Re6+ 52. Kd4 Kg3 53. Rc2 f2 54.
Rc1 Kg2 55. Rc2 Kg1 0-1